 Dungeon Crawl Stone Soup version 0.19-a0-1065-gdac414d (webtiles) character file.

714 Musica the Covert (level 7, -4/45 HPs)
             Began as an Octopode Assassin on Aug 4, 2016.
             Slain by Deemzul's ghost (17 damage)
             ... in a sewer.
             The game lasted 00:21:48 (5668 turns).

Musica the Covert (Octopode Assassin)               Turns: 5668, Time: 00:21:48

Health: -4/45      AC:  1    Str: 10    XL:     7   Next: 69%
Magic:  7/7        EV: 13    Int: 18    God:
Gold:   304        SH:  0    Dex: 21    Spells: 0 memorised, 6 levels left

rFire  . . .     SeeInvis .     z - +2 dagger of Awasyssa {pierce, Dex+4}
rCold  . . .     Gourm    .     (no shield)
rNeg   . . .     Faith    .     (helmet restricted)
rPois  .         Spirit   .     (no amulet)
rElec  .         Dismiss  .     (no ring)
rCorr  .         Reflect  .     (no ring)
SustAt .         Harm     .     (no ring)
MR     .....                    (no ring)
Stlth  +++++++...               (no ring)
                                (no ring)
                                (no ring)
                                (no ring)

@:
A: almost no armour, amphibious, 8 rings, constrict 8, camouflage 1, agile 1,
clever 2, gelatinous body 1
a: no special abilities


You were in a sewer.
You were not hungry.

You visited 1 branch of the dungeon, and saw 6 of its levels.
You also visited: Sewer.

You collected 304 gold pieces.

Inventory:

Hand Weapons
 a - a +2 dagger
 b - a +0 blowgun
 z - the +2 dagger of Awasyssa (weapon) {pierce, Dex+4}
   (You found it on level 4 of the Dungeon)

   It inflicts extra damage upon your enemies.
   It affects your dexterity (+4).
Missiles
 c - 33 poisoned needles
 y - 4 tomahawks (quivered)
Armour
 i - a +0 shield
 p - a +1 buckler
Wands
 o - a wand of random effects (7/48)
 v - a wand of lightning (8/15)
 C - a wand of enslavement (17/24)
Scrolls
 e - a scroll of amnesia
 g - a scroll of blinking
 j - a scroll of enchant armour
 k - 2 scrolls of identify
 l - a scroll of magic mapping
 n - 2 scrolls of remove curse
 t - 2 scrolls of teleportation
 D - a scroll of recharging {unknown}
Potions
 d - a potion of mutation
 h - a potion of heal wounds
 m - a potion of degeneration {unknown}
 r - a potion of might
 s - 4 potions of flight
 u - a potion of berserk rage {unknown}
 w - 2 potions of haste {unknown}
 x - 3 potions of curing {unknown}
 E - a potion of invisibility
Comestibles
 f - 4 bread rations
 q - a beef jerky
 A - 2 meat rations
 B - 2 chunks of flesh


   Skills:
 - Level 2.0 Fighting
 + Level 3.1 Short Blades
 + Level 4.1 Throwing
 - Level 1.0 Dodging
 + Level 10.8 Stealth
 + Level 0.9 Evocations


You had 6 spell levels left.
You didn't know any spells.

Dungeon Overview and Level Annotations

Branches:
Dungeon (6/15)             Temple (0/1) D:6

Altars:
Nemelex Xobeh

Annotations:
Sewer Deemzul's ghost, amateur DsFi


Innate Abilities, Weirdness & Mutations

You cannot wear most types of armour.
You are amphibious.
You can wear up to eight rings at the same time.
You can use your tentacles to constrict eight enemies at once.
Your skin changes colour to match your surroundings (Stealth+).
Your rubbery body absorbs attacks. (AC +1, EV +1)
You are agile. (Dex +2)
Your mind is very acute. (Int +4)


Message History

You kill the worm!
Some of the chunks of flesh in your inventory have rotted away.
Deemzul's ghost turns its malevolent gaze towards you.
An ooze comes into view.
Deemzul's ghost misses you.
There is a large open door here.
Deemzul's ghost closely misses you.
You see here 7 gold pieces.
Deemzul's ghost hits you.
You see here 12 gold pieces.
You now have 304 gold pieces (gained 12).
Deemzul's ghost hits you! Deemzul's ghost hits you!
* * * LOW HITPOINT WARNING * * *
An ooze comes into view.
You see here 7 gold pieces.
An ooze comes into view.
The ooze jiggles.
Deemzul's ghost hits you!
You die...

≈≈≈≈≈≈≈≈≈≈≈≈≈≈≈≈≈≈≈≈≈≈≈≈.≈≈≈≈≈≈≈≈
.≈≈≈≈≈≈≈.≈≈≈≈≈≈≈≈≈.≈.≈≈≈≈≈≈≈≈≈≈≈≈
######################≈≈≈########
###### #≈≈≈# #....# #≈≈.#
''#####''#####≈≈≈#
......J.†..≈.≈≈≈.#
....J..J....≈≈≈≈≈#
''#####W@#####≈≈≈# #.$$$# #≈≈.#
###### #≈≈≈# ######
######################≈≈≈###.....
≈≈≈≈.≈≈≈≈.≈.≈≈≈≈≈≈≈≈≈≈≈≈≈##......
≈≈≈≈≈≈≈≈≈≈≈≈≈≈≈≈≈≈≈≈≈≈≈≈≈####....
≈≈≈≈≈≈†≈≈≈≈≈≈≈.≈≈≈≈≈≈≈≈≈≈# ###..
######################≈≈≈####.†.†
#≈≈≈##≈..≈≈.


You could see Deemzul's ghost and 3 oozes.

Vanquished Creatures
  A phantom (D:3)
  2 scorpions (D:4)
  A howler monkey (D:4)
  A hound (D:4)
  2 orc priests
  Crazy Yiuf (D:3)
  An orc wizard (D:4)
  3 worker ants (D:4)
  Robin (D:4)
  3 gnolls (D:3)
  6 adders
  An adder skeleton (D:4)
  9 worms
  A dart slug (D:4)
  6 giant geckos
  26 orcs
  6 ball pythons
  3 giant cockroaches
  11 goblins
  9 hobgoblins
  10 jackals
  6 kobolds
  3 quokkas
  12 bats
  4 giant newts
  3 rats
132 creatures vanquished.

Notes
Turn   | Place    | Note
-------+----------+-------------------------------------------
     0 | D:1      | Musica the Octopode Assassin began the quest for the Orb.
     0 | D:1      | Reached XP level 1. HP: 14/14 MP: 1/1
   127 | D:1      | Reached XP level 2. HP: 10/19 MP: 2/2
   216 | D:1      | Reached skill level 6 in Stealth
   696 | D:2      | Found a faded altar of an unknown god.
   705 | D:2      | Reached XP level 3. HP: 24/24 MP: 3/3
  1379 | D:3      | Reached skill level 7 in Stealth
  1417 | D:4      | Reached XP level 4. HP: 11/29 MP: 4/4
  2121 | D:3      | Noticed a phantom
  2342 | D:3      | Reached skill level 8 in Stealth
  2355 | D:3      | Reached XP level 5. HP: 25/34 MP: 5/5
  2813 | D:5      | Entered Level 5 of the Dungeon
  3041 | D:4      | Got a slimy dagger
  3042 | D:4      | Identified the +2 dagger of Awasyssa {pierce, Dex+4} (You found it on level 4 of the Dungeon)
  3089 | D:4      | Reached skill level 9 in Stealth
  3089 | D:4      | Reached XP level 6. HP: 16/39 MP: 6/6
  3328 | D:4      | Noticed Robin
  3432 | D:3      | Found a runed door.
  3437 | D:3      | Noticed Crazy Yiuf
  3443 | D:3      | Killed Crazy Yiuf
  3532 | D:3      | Killed a phantom
  4285 | D:4      | Reached skill level 10 in Stealth
  4285 | D:4      | Reached XP level 7. HP: 45/45 MP: 7/7
  4517 | D:4      | Killed Robin
  5189 | D:5      | Gained mutation: Your mind is acute. (Int +2) [potion of mutation]
  5189 | D:5      | Gained mutation: Your mind is very acute. (Int +4) [potion of mutation]
  5189 | D:5      | Gained mutation: You are agile. (Dex +2) [potion of mutation]
  5248 | D:5      | Found a sparkling altar of Nemelex Xobeh.
  5367 | D:6      | Found a glowing drain.
  5399 | Sewer    | Entered a sewer
  5503 | Sewer    | Noticed Deemzul's ghost (amateur DsFi)
  5668 | Sewer    | Slain by Deemzul's ghost

Vault maps used:
D:1:      zaba_arrival_water
D:2:      ecumenical_altar_2
D:3:      uniq_crazy_yiuf_cottage
D:4:      uniq_robin
D:5:      first_bread, serial_shops, shop, nemelex_diamond_rough_becter
D:6:      tso_metal_star, portal_sewer_entry_a, minmay_three_doors,
          uniq_grinder, uniq_menkaure, uniq_pikel
Sewer:    sewer_fruit_machine

Skill      XL: |  1  2  3  4  5  6  7 |
---------------+----------------------+-----
Stealth        | 6 7 8 9 10 | 10.8
Throwing       | 3 4 |  4.1
Short Blades   | 3 |  3.1
Fighting       | |  2.0
Dodging        | |  1.0
Evocations     | |  0.9

Action                   |  1- 3 |  4- 6 |  7- 9 || total
-------------------------+-------+-------+-------++-------
Melee: Dagger            |    50 |   130 |    92 ||   272
       Constrict         |     8 |    31 |    25 ||    64
       Tentacles         |     3 |    22 |    21 ||    46
 Fire: Blowgun           |     6 |    21 |       ||    27
Throw: Tomahawk          |       |     5 |       ||     5
Evoke: Wand              |       |     6 |       ||     6
  Use: Scroll            |       |     2 |     8 ||    10
       Potion            |       |       |     7 ||     7
 Stab: Sleeping          |    15 |     7 |    16 ||    38
       Distracted        |       |     1 |     1 ||     2
  Eat: Chunk             |     1 |     9 |     5 ||    15
Armor: Skin              |     2 |     3 |     7 ||    12
Dodge: Dodged            |    23 |    67 |    62 ||   152
